 Dungeon Crawl Stone Soup version 0.27.0-1-g7a089689b8 (webtiles) character file.

Game seed: 7988281304664857044

70 willcat the Sneak (level 4, -10/44 HPs)
             Began as a Troll Delver on Aug 11, 2021.
             Mangled by a black mamba (17 damage)
             ... on level 1 of the Lair of Beasts.
             The game lasted 00:01:10 (350 turns).

willcat the Sneak (Troll Delver)                     Turns: 350, Time: 00:01:11

Health: -10/44     AC:  4    Str: 21    XL:     4   Next: 3%
Magic:  3/3        EV: 10    Int:  6    God:
Gold:   72         SH:  5    Dex: 11    Spells: 3/3 levels left

rFire    . . .     SeeInvis .     - Unarmed
rCold    . . .     Faith    .   (no shield)
rNeg     . . .     Spirit   .   a - +0 robe
rPois    .         Reflect  +   (helmet restricted)
rElec    .         Harm     .   (no cloak)
rCorr    .         Rampage  .   (gloves unavailable)
Will     .....                  (boots unavailable)
Stlth    ++........             e - amulet of reflection
HPRegen  1.14/turn              (no ring)
MPRegen  0.08/turn              (no ring)

@: lethally poisoned (-10 -> -13)
A: large, unfitting armour, claws 3, regeneration 1, shaggy fur 1, tough skin 1
a: no special abilities


You were on level 1 of the Lair of Beasts.
You visited 2 branches of the dungeon, and saw 5 of its levels.

You collected 72 gold pieces.

Inventory:

Missiles
 h - 9 poisoned darts (quivered)
Armour
 a - a +0 robe (worn)
Jewellery
 e - an amulet of reflection (around neck)
Wands
 f - a wand of digging (3)
Scrolls
 b - a scroll of fog
 c - a scroll of magic mapping
 d - 2 scrolls of fear
 g - a scroll of identify {unknown}
 j - a scroll of teleportation {unknown}


   Skills:
 + Level 2.8 Fighting
 + Level 1.7 Dodging
 + Level 3.4 Stealth
 + Level 2.3 Unarmed Combat


You had 3 spell levels left.
You didn't know any spells.
Your spell library was empty.

Dungeon Overview and Level Annotations

Branches:
Dungeon (8/15)               Lair (1/6) D:8
 Temple: D:4-7

Altars:


Innate Abilities, Weirdness & Mutations

You are too large for most types of armour.
You have claws for hands.
Your natural rate of healing is unusually fast.
You are covered in fur. (AC +1)
You have tough skin. (AC +1)


Message History

You feel very buoyant.
You fly up into the air.
There is a staircase to the Lair here.
You fly downwards.
Welcome to the Lair of Beasts!
Found three items.
There is a staircase back to the Dungeon here.
Unknown command.
Unknown command.
A five-headed hydra comes into view.
Your extra speed is starting to run out.
You are starting to lose your buoyancy.
e - an amulet of reflection
There are no items here.
You start putting on your amulet.
You continue putting on your amulet of reflection. x5
You finish putting on your amulet of reflection.
You feel a shielding aura gather around you.
e - an amulet of reflection (around neck) Unknown command.
You feel yourself slow down.
A black mamba comes into view.
You float gracefully downwards.
Found 14 gold pieces.
You miss the black mamba. The black mamba bites you!
You are poisoned.
The black mamba poisons you! The black mamba closely misses you.
You barely miss the black mamba.
You feel very sick. The black mamba bites you!
Unknown command.
You closely miss the black mamba.
You feel very sick. The black mamba barely misses you.
The black mamba bites you.
* * * LOW HITPOINT WARNING * * *
Unknown command.
You aren't carrying any potions.
Unknown command.
You miss the black mamba.
You feel sick. The black mamba closely misses you. The black mamba bites you!
You die...

....# #....#... # #+
#....#... .#..
####.###....#.###....
.$....................
......................
.......S..............
.......@.............
.....................
#...##.........#.#### #
.....+....≈.≈.......#.#
. ...P..≈≈≈≈≈.........#
....≈≈≈≈≈≈≈≈≈.....#.#
.....≈≈≈≈≈≈≈≈≈.....#.#
.....≈≈≈..≈≈≈≈≈......#
....≈≈≈≈.<.≈≈≈.....#.#


You could see a black mamba.

Vanquished Creatures
  An orc priest (D:8)
  An orc wizard (D:8)
  A shadow imp (D:7)
  An orc (D:8)
  4 jackals (D:5)
8 creatures vanquished.

Vanquished Creatures (others)
  An orc wizard (D:8)
  3 plants (D:8)
4 creatures vanquished.

Grand Total: 12 creatures vanquished

Notes
Turn   | Place    | Note
-------+----------+-------------------------------------------
     0 | D:5      | willcat the Troll Delver began the quest for the Orb.
     0 | D:5      | Reached XP level 1. HP: 22/22 MP: 0/0
    67 | D:7      | Reached skill level 3 in Stealth
    67 | D:7      | Reached XP level 2. HP: 29/29 MP: 1/1
   257 | D:8      | Found a staircase to the Lair.
   258 | D:8      | Noticed a komodo dragon
   286 | D:8      | Reached XP level 3. HP: 20/36 MP: 2/2
   290 | D:8      | Reached XP level 4. HP: 25/44 MP: 3/3
   323 | Lair:1   | Entered Level 1 of the Lair of Beasts
   326 | Lair:1   | Noticed a five-headed hydra
   341 | Lair:1   | Noticed a black mamba
   350 | Lair:1   | Mangled by a black mamba

Illustrated notes

Levels and vault maps discovered:
D:5:      layout_basic, worldfamousw_hep_ancestral_shrine, serial_shops, shop
D:6:      layout_loops_corners, uniq_edmund, uniq_grinder
D:7:      layout_basic, temple_statues, enter_bailey_3, nrook_loot_triangle
D:8:      layout_basic, kennysheep_mini, david_lair_shrubbed
Lair:1:   layout_regular_city, infiniplex_staircase_pool_2

Skill      XL: |  1 |
---------------+----+-----
Stealth        | 3 |  3.4
Fighting       | |  2.8
Dodging        | |  1.7
Unarmed Combat | |  2.3

Action                   |  1- 3 |  4- 6 || total
-------------------------+-------+-------++-------
Melee: Unarmed           |    20 |     6 ||    26
  Use: Potion            |       |     2 ||     2
Armor: Robe              |     8 |       ||     8
Dodge: Dodged            |    14 |     5 ||    19
